 Dungeon Crawl Stone Soup version 0.19.1-1-g22dce08 (webtiles) character file.

153829 Mefis the Eclecticist (level 17, -1/97 HPs)
             Began as a Deep Elf Wizard on Dec 31, 2016.
             Was a High Priest of Sif Muna.
             Slain by a vampiric glaive (20 damage)
             ... on level 2 of the Elven Halls.
             The game lasted 02:32:51 (39361 turns).

Mefis the Eclecticist (Deep Elf Wizard)            Turns: 39361, Time: 02:32:51

Health: -1/97      AC: 24    Str:  9    XL:     17   Next: 5%
Magic:  3/56       EV: 17    Int: 39    God:    Sif Muna [*****.]
Gold:   585        SH:  0    Dex: 13    Spells: 11 memorised, 3 levels left

rFire  + . .     SeeInvis .     b - +1 demon whip "Uschogeirph" {elec, rElec Int+3}
rCold  . . .     Gourm    +     h - +2 robe {MR+}
rNeg   . . .     Faith    .     (no shield)
rPois  .         Spirit   .     R - +2 hat of the High Council {Archmagi, Wiz- Stlth-}
rElec  +         Reflect  .     V - +2 cloak
rCorr  .         Harm     .     F - +2 pair of gloves {Str+3}
MR     ++...                    Q - +0 pair of boots of an ossuary {Int+5} (curse)
Stlth  +++.......               C - amulet of the gourmand
                                w - ring of Charity {Wiz rF+ MP+9 Str+2}
                                G - ring of magical power

@: lethally poisoned (-1 -> -3), icy armour, deflect missiles, divine energy,
slow
A: no striking features
a: Stop Divine Energy, Channel Magic, Forget Spell, Renounce Religion


You were on level 2 of the Elven Halls.
You worshipped Sif Muna.
Sif Muna was extremely pleased with you.
You were full.

You visited 5 branches of the dungeon, and saw 23 of its levels.
You also visited: Bailey and Volcano.

You collected 2467 gold pieces.
You spent 1882 gold pieces at shops.

Inventory:

Hand Weapons
 b - the +1 demon whip "Uschogeirph" (weapon) {elec, rElec Int+3}
   (You took it off an orc sorcerer on level 12 of the Dungeon)

   Occasionally, upon striking a foe, it will discharge some electrical energy
   and cause terrible harm.
   It affects your intelligence (+3).
   It insulates you from electricity.
 c - a +6 blowgun
Missiles
 k - a throwing net
 q - 37 poisoned needles
 M - 16 javelins of penetration (quivered)
Armour
 h - a +2 robe of magic resistance (worn)
 j - a +2 robe of positive energy
 A - a +2 robe of resistance
 B - a +0 buckler
 F - a +2 pair of gloves of strength (worn)
 K - a +2 hat of see invisible
 Q - the cursed +0 pair of boots of an ossuary (worn) {Int+5}
   (You found it on level 12 of the Dungeon)

   It affects your intelligence (+5).
   It has a curse placed upon it.
 R - the +2 hat of the High Council (worn) {Archmagi, Wiz- Stlth-}
   (You found it on level 12 of the Dungeon)

   It makes you less stealthy.
 V - a +2 cloak (worn)
Magical Staves
 a - an uncursed staff of power
Rods
 d - a +0 rod of clouds (13/13)
   (You found it on level 12 of the Dungeon)
 f - a -2 iron rod (14/14)
   (You took it off an orc sorcerer on level 12 of the Dungeon)
Jewellery
 w - the ring of Charity (right hand) {Wiz rF+ MP+9 Str+2}
   (You took it off a vampire mage on level 12 of the Dungeon)

   [ring of wizardry]

   It improves your spell success rate.
   It affects your strength (+2).
   It protects you from fire.
   It affects your magic capacity (+9).
 y - an uncursed amulet of harm {unknown}
 C - an amulet of the gourmand (around neck)
 G - a ring of magical power (left hand)
Wands
 e - a wand of lightning (7/15)
 P - a wand of paralysis (14/24)
 S - a wand of digging (8/24)
Scrolls
 g - 4 scrolls of magic mapping
 l - a scroll of recharging {unknown}
 m - 3 scrolls of immolation
 o - a scroll of fog
 u - 5 scrolls of teleportation
 v - 8 scrolls of remove curse
 z - a scroll of noise
 I - a scroll of enchant armour
 N - a scroll of fear
Potions
 n - 4 potions of heal wounds
 p - 2 potions of curing
 D - 2 potions of agility
 H - a potion of might {unknown}
 X - a potion of invisibility
Books
 i - a book of Maledictions

   Spells                             Type                      Level
   a - Corona                         Hexes                        1
   b - Ensorcelled Hibernation        Hexes/Ice                    2
   c - Confuse                        Hexes                        3
   d - Tukima's Dance                 Hexes                        3
   e - Dazzling Spray                 Conjuration/Hexes            3
 L - Sif Muna's Catalogue of Darkness
   (Sif Muna gifted it to you on level 2 of the Elven Halls)

   Spells                             Type                      Level
   a - Animate Skeleton               Necromancy                   1
   b - Dispel Undead                  Necromancy                   5
   c - Infestation                    Necromancy                   8
   d - Necromutation                  Transmutation/Necromancy     8
Miscellaneous
 J - a box of beasts
Comestibles
 r - 11 royal jellies
 s - 6 beef jerkies
 t - 6 meat rations
 x - 2 slices of pizza
 E - 12 bread rations
 W - 6 fruits


   Skills:
 + Level 7.9 Fighting
 - Level 8.8 Dodging
 - Level 7.6 Stealth
 + Level 3.4 Shields
 + Level 15.3 Spellcasting
 * Level 11.1 Conjurations
 - Level 8.7 Hexes
   Level 4.5 Summonings
 + Level 6.7 Necromancy
 - Level 1.1 Translocations
 + Level 6.8 Transmutations
 - Level 9.5 Ice Magic
 * Level 12.0 Air Magic
 + Level 7.1 Earth Magic
   Level 3.5 Poison Magic
 + Level 9.0 Invocations
 + Level 8.9 Evocations


You had 3 spell levels left.
You knew the following spells:

 Your Spells              Type           Power        Failure   Level  Hunger
a - Airstrike             Air            ########..   1%          4    None
b - Statue Form           Tmut/Erth      #######..    9%          6    None
c - Blink                 Tloc           N/A          1%          2    None
d - Conjure Ball Lightni  Conj/Air       ########..   1%          6    None
g - Slow                  Hex            #######.     1%          2    None
h - Cause Fear            Hex            #######...   1%          4    None
i - Regeneration          Chrm/Necr      ######....   1%          3    None
o - Shroud of Golubria    Chrm/Tloc      ######....   1%          2    None
p - Ozocubu's Armour      Chrm/Ice       #######.     1%          3    None
s - Lightning Bolt        Conj/Air       ########..   1%          5    None
u - Deflect Missiles      Chrm/Air       #######...   12%         6    None


Dungeon Overview and Level Annotations

Branches:
Dungeon (12/15)            Temple (1/1) D:4            Lair (6/6) D:11
  Swamp (0/4) Lair:3       Spider (0/4) Lair:4        Slime (0/5) Lair:6
    Orc (2/2) D:11            Elf (2/3) Orc:2

Altars:
Ashenzari
Cheibriados
Dithmenos
Elyvilon
Fedhas
Gozag
Hepliaklqana
Kikubaaqudgha
Makhleb
Nemelex Xobeh
Okawaru
Qazlal
Ru
Sif Muna
Trog
Uskayaw
Vehumet
Xom
Yredelemnul
Zin
The Shining One

Shops:
D:5 =   D:7 [   D:10 [   Orc:2 (*:[*[([

Annotations:
D:3 theAP's ghost, amateur DsCK
D:7 +2 boots and gloves 182
D:12 Rupert


Message History

You are lethally poisoned!
The deep elf knight mumbles some strange words.
The deep elf knight flickers and vanishes!
Deactivating autopickup; reactivate with Ctrl-A.
Items here: ( )) [ an uncursed shortbow; an uncursed dagger; a leather armour; 17 arrows Unknown command.
Okay, then.
You feel much better.
You feel sick.
The trident of venom hits you but does no damage.
You are more poisoned.
The vampiric glaive hits you but does no damage.
You feel better.
The trident of venom hits you but does no damage.
The trident of venom hits you from afar!
* * * LOW HITPOINT WARNING * * *
You are poisoned.
You feel sick.
The vampiric glaive hits you from afar!!
You die...

############## ##...### #.##.#
#............## ##....# ###.####
#.............# ####.# #.......
')#..#...#.)#.##### #.# #.......
').()).(....).....# #.# ##.......
'.#).#...#..#.((..# #.# #........
#........)...).(..###.# #........
#............###)###.^# #........
##############..@..#>## #.....###
### ##..#.#.# #.#####E< #.##
##.#.#.#[####.####### ###.##
##.##................#
#..#.###..####.#.#####.####.#
##.###.#.#.####.#..###........
####..# ##.........#.........#..#
#..#..## ##.####.##..#.....#.....
#......###....##)##.###...###....


You could see 3 dancing weapons.

Vanquished Creatures
  Gastronok (Lair:2)
  2 orc warlords (Orc:2)
  Nessos (D:12)
  A deep elf demonologist (Elf:2)
  Azrael (Elf:2)
  A deep elf annihilator (Elf:2)
  4 dire elephants (Lair:6)
  2 deep elf high priests (Elf:1)
  Fannar (Orc:1)
  2 hydras
  Erolcha (Orc:2)
  An anaconda (Lair:6)
  2 centaur warriors
  12 dancing weapons
  2 vampire magi (D:12)
  Urug (Lair:2)
  2 orc high priests (Orc:2)
  A hell knight (Volcano)
  17 deep elf knights
  2 hill giants
  19 deep elf archers
  59 deep elf magi
  10 orc knights
  A wolf spider (Lair:6)
  6 orc sorcerers
  A cyclops (D:12)
  5 elephants
  A guardian serpent (shapeshifter) (Elf:1)
  Maurice (Orc:1)
  A naga mage (D:12)
  A black mamba (shapeshifter) (Elf:1)
  4 black mambas
  14 spiny frogs
  A gargoyle (D:12)
  5 rime drakes
  5 komodo dragons
  A yaktaur (Volcano)
  4 trolls
  2 polar bears (Lair:6)
  3 two-headed ogres (Orc:2)
  Prince Ribbit (D:5)
  A hornet (D:9)
  10 hippogriffs
  11 blink frogs
  4 water elementals
  A tarantella (Lair:4)
  4 air elementals
  3 wyverns
  Eustachio (D:4)
  2 steam dragons
  5 fire elementals
  56 yaks
  4 basilisks
  4 hungry ghosts (D:11)
  6 vampire mosquitoes (Lair:4)
  10 wargs
  2 hell hounds (Elf:2)
  2 soldier ants (D:9)
  10 porcupines
  13 water moccasins
  4 ice beasts
  8 sky beasts
  A swamp drake (Lair:4)
  35 orc warriors
  7 phantoms
  4 boggarts (Lair:6)
  7 wolves (Lair:6)
  A necrophage (D:8)
  7 ogres
  12 centaurs
  13 crocodiles
  2 big kobolds
  14 bullfrogs
  2 earth elementals (Elf:1)
  A wyvern zombie (D:8)
  3 wyvern skeletons
  A water moccasin zombie (D:6)
  2 scorpions
  10 killer bees
  2 wights (D:12)
  4 troll zombies (D:11)
  3 electric eels
  A bullfrog zombie (D:8)
  8 crimson imps
  11 hounds
  5 jellies
  12 orc priests
  5 centaur skeletons
  15 orc wizards
  Crazy Yiuf (D:4)
  A bullfrog skeleton (D:5)
  4 iguanas
  13 worker ants
  4 ogre zombies (D:11)
  2 hound skeletons
  5 gnolls
  3 river rats (D:11)
  15 adders
  5 shadow imps
  2 oozes
  An adder skeleton (D:9)
  3 worms
  A dart slug (D:3)
  4 leopard geckos
  59 orcs
  2 ball pythons (D:1)
  8 bats
  7 giant cockroaches
  13 goblins
  7 hobgoblins
  6 jackals
  21 kobolds
  6 quokkas
  3 frilled lizards
  5 goblin zombies (D:11)
  2 hobgoblin skeletons (D:11)
  2 hobgoblin zombies (D:11)
  A jackal zombie (D:5)
  4 orc skeletons (D:11)
  11 orc zombies (D:11)
  A quokka skeleton (D:7)
  9 rats
  A bush (Lair:1)
  6 fungi
  5 plants (Lair:6)
794 creatures vanquished.

Vanquished Creatures (collateral kills)
  A dire elephant (Lair:6)
  A hydra (D:11)
  A death knight (D:11)
  A ball lightning (Orc:1)
  2 orc knights (Bailey)
  3 deep elf magi (D:12)
  A naga mage (D:12)
  Grinder (D:4)
  A yak (Lair:4)
  An orc warrior (Bailey)
  An ogre (D:5)
  A gnoll sergeant (D:9)
  6 wights
  2 crimson imps
  An orc wizard (D:9)
  4 gnolls (D:9)
  A shadow imp (D:8)
  A leopard gecko (D:5)
  8 orcs
  A goblin (D:1)
  An orc zombie (D:11)
  A rat (D:1)
41 creatures vanquished.

Vanquished Creatures (others)
  A deep elf knight (Elf:1)
  154 ball lightnings
  2 centaurs (Volcano)
  A killer bee (D:9)
  A bush (Lair:6)
  52 fungi
  24 plants
235 creatures vanquished.

Grand Total: 1070 creatures vanquished

Notes
Turn   | Place    | Note
-------+----------+-------------------------------------------
     0 | D:1      | Mefis the Deep Elf Wizard began the quest for the Orb.
     0 | D:1      | Reached XP level 1. HP: 10/10 MP: 7/7
   250 | D:1      | Reached XP level 2. HP: 15/15 MP: 7/9
   254 | D:1      | Learned a level 2 spell: Call Imp
   257 | D:1      | Learned a level 2 spell: Blink
   260 | D:1      | Learned a level 2 spell: Repel Missiles
   574 | D:1      | Reached skill level 5 in Spellcasting
   816 | D:1      | Reached XP level 3. HP: 20/20 MP: 8/11
   821 | D:1      | Learned a level 3 spell: Mephitic Cloud
   827 | D:1      | Found a glowing golden altar of the Shining One.
  1346 | D:2      | Reached XP level 4. HP: 13/24 MP: 8/13
  1351 | D:2      | Learned a level 3 spell: Conjure Flame
  1492 | D:2      | Found a sacrificial altar of Ru.
  2133 | D:3      | Reached skill level 1 in Fighting
  2202 | D:3      | Noticed theAP's ghost (amateur DsCK)
  2380 | D:2      | Reached skill level 1 in Air Magic
  2449 | D:3      | Reached XP level 5. HP: 19/29 MP: 5/15
  2642 | D:3      | Reached skill level 1 in Poison Magic
  3106 | D:3      | Found a snail-covered altar of Cheibriados.
  3247 | D:4      | Found a shattered altar of Ashenzari.
  3314 | D:4      | Reached skill level 6 in Spellcasting
  3358 | D:4      | Noticed Grinder
  3360 | D:4      | Found a basalt altar of Yredelemnul.
  3372 | D:4      | Killed Grinder
  3372 | D:4      | Reached XP level 6. HP: 18/35 MP: 5/17
  3376 | D:4      | Learned a level 2 spell: Slow
  3573 | D:4      | Found a white marble altar of Elyvilon.
  3926 | D:4      | Found a staircase to the Ecumenical Temple.
  3937 | D:4      | Found an opulent altar of Gozag.
  3943 | Temple   | Entered the Ecumenical Temple
  4068 | Temple   | Became a worshipper of Sif Muna the Loreminder
  4154 | D:4      | Noticed Eustachio
  4175 | D:4      | Killed Eustachio
  4175 | D:4      | Reached skill level 1 in Hexes
  4175 | D:4      | Reached XP level 7. HP: 40/40 MP: 4/19
  4307 | D:4      | Found a runed door.
  4550 | D:4      | Noticed Crazy Yiuf
  4557 | D:4      | Killed Crazy Yiuf
  4557 | D:4      | Reached skill level 7 in Spellcasting
  4628 | D:5      | Entered Level 5 of the Dungeon
  5268 | D:5      | Reached XP level 8. HP: 44/44 MP: 0/21
  5413 | D:5      | Reached * piety under Sif Muna
  5479 | D:5      | Found an ancient bone altar of Kikubaaqudgha.
  5531 | D:5      | Found Yrroac's Jewellery Emporium.
  5551 | D:5      | Reached skill level 8 in Spellcasting
  5694 | D:5      | Bought an uncursed ring of magical power for 200 gold pieces
  5810 | D:5      | Noticed Prince Ribbit
  5874 | D:5      | Reached skill level 5 in Stealth
  6057 | D:5      | Found a hazy altar of Hepliaklqana.
  6106 | D:5      | Killed Prince Ribbit
  6212 | D:6      | Reached skill level 5 in Dodging
  6231 | D:6      | Identified the Catalogue of the Snowflakes and Summoning
  6236 | D:6      | Learned a level 2 spell: Ensorcelled Hibernation
  6238 | D:6      | Learned a level 1 spell: Freeze
  6243 | D:6      | Learned a level 4 spell: Summon Lightning Spire
  6296 | D:6      | Found a shimmering altar of Xom.
  6425 | D:6      | Reached skill level 1 in Ice Magic
  6577 | D:6      | Reached skill level 9 in Spellcasting
  6721 | D:6      | Reached XP level 9. HP: 50/50 MP: 24/24
  6726 | D:6      | Learned a level 3 spell: Ozocubu's Armour
  6966 | D:7      | Reached ** piety under Sif Muna
  7221 | D:7      | Reached skill level 1 in Evocations
  7227 | D:7      | Reached skill level 1 in Invocations
  7265 | D:7      | Found a stormy altar of Qazlal.
  7317 | D:7      | Found an iron altar of Okawaru.
  7343 | D:7      | Found Ymyd's Armour Shop.
  8337 | D:8      | Noticed a hill giant
  8592 | D:8      | Found a sparkling altar of Nemelex Xobeh.
  8627 | D:8      | Reached *** piety under Sif Muna
  8655 | D:8      | Reached skill level 10 in Spellcasting
  9007 | D:8      | Reached XP level 10. HP: 56/56 MP: 20/26
  9012 | D:8      | Learned a level 3 spell: Inner Flame
  9117 | D:8      | Reached skill level 5 in Conjurations
  9196 | D:8      | Killed a hill giant
  9196 | D:8      | Reached skill level 5 in Hexes
 10400 | D:9      | Paralysed by a hornet for 3 turns
 10783 | D:9      | Reached skill level 5 in Ice Magic
 11403 | D:10     | Entered Level 10 of the Dungeon
 11600 | D:10     | Found Liclu's Armour Shop.
 11630 | D:10     | Bought a +2 helmet for 247 gold pieces
 11868 | D:10     | Reached **** piety under Sif Muna
 12123 | D:11     | Found a flagged portal.
 12186 | Bailey   | Entered a bailey
 12554 | Bailey   | Noticed an orc knight
 12554 | Bailey   | Noticed an orc knight
 12584 | Bailey   | Noticed an orc knight
 12612 | Bailey   | Noticed an orc knight
 12614 | Bailey   | Killed an orc knight
 12614 | Bailey   | Reached XP level 11. HP: 59/61 MP: 16/27
 12649 | Bailey   | Killed an orc knight
 12665 | Bailey   | Noticed an orc knight
 12758 | Bailey   | Killed an orc knight
 12758 | Bailey   | Reached skill level 11 in Spellcasting
 12952 | Bailey   | Killed an orc knight
 13006 | Bailey   | Noticed an orc knight
 13011 | Bailey   | Noticed an orc knight
 13029 | Bailey   | Killed an orc knight
 13047 | Bailey   | Killed an orc knight
 13214 | Bailey   | Killed an orc knight
 13480 | D:11     | Noticed a death knight
 13520 | D:11     | Killed a death knight
 13520 | D:11     | Reached ***** piety under Sif Muna
 13523 | D:11     | Reached skill level 5 in Air Magic
 13733 | D:11     | Identified Bytzoti's Grimoire of Blistering Feathers (Sif Muna gifted it to you on level 11 of the Dungeon)
 13733 | D:11     | Received a gift from Sif Muna
 13749 | D:11     | Learned a level 4 spell: Airstrike
 13791 | D:11     | Noticed a four-headed hydra
 13796 | D:11     | Found a staircase to the Lair.
 14078 | D:11     | Noticed a hill giant
 14090 | D:11     | Killed a hill giant
 14939 | Lair:1   | Entered Level 1 of the Lair of Beasts
 15027 | D:11     | Found a staircase to the Orcish Mines.
 15037 | D:11     | Noticed a six-headed hydra
 15090 | D:11     | Killed a six-headed hydra
 15240 | D:11     | Killed a four-headed hydra
 15843 | D:11     | Reached skill level 5 in Fighting
 16504 | D:7      | Bought a +2 pair of boots for 181 gold pieces
 16824 | D:12     | Reached XP level 12. HP: 68/68 MP: 29/29
 17046 | D:12     | Reached skill level 12 in Spellcasting
 17339 | D:12     | Noticed Rupert
 17772 | D:12     | Reached skill level 5 in Invocations
 17807 | D:12     | Noticed Nessos
 17875 | D:12     | Learned a level 5 spell: Lightning Bolt
 17882 | D:12     | Learned a level 4 spell: Cause Fear
 17969 | D:12     | Killed Nessos
 17969 | D:12     | Reached skill level 5 in Evocations
 18011 | D:12     | Noticed a vampire mage
 19749 | Lair:1   | Noticed a centaur warrior
 19752 | Lair:1   | Killed a centaur warrior
 20632 | Lair:2   | Noticed Gastronok
 20651 | Lair:2   | Killed Gastronok
 20924 | Lair:2   | Noticed Urug
 20938 | Lair:2   | Killed Urug
 20938 | Lair:2   | Reached skill level 13 in Spellcasting
 20938 | Lair:2   | Reached XP level 13. HP: 74/74 MP: 0/32
 21323 | Lair:3   | Found a dark tunnel.
 21334 | Volcano  | Entered a volcano
 21411 | Volcano  | Noticed Scuka's ghost (journeyman CeHu)
 22559 | Lair:3   | Identified Sif Muna's Catalogue of Evil Conjuration (Sif Muna gifted it to you on level 3 of the Lair of Beasts)
 22559 | Lair:3   | Received a gift from Sif Muna
 22814 | Lair:3   | Found a staircase to the Swamp.
 23511 | Lair:4   | Learned a level 2 spell: Shroud of Golubria
 24129 | Lair:4   | Found a hole to the Spider Nest.
 24138 | Lair:4   | Reached skill level 1 in Shields
 24657 | Lair:4   | You fall through a shaft for 2 floors!
 24657 | Lair:6   | Entered Level 6 of the Lair of Beasts
 25003 | Lair:6   | Found a staircase to the Slime Pits.
 26641 | Lair:5   | Identified Sif Muna's Advanced Guide to Spellweaving (Sif Muna gifted it to you on level 5 of the Lair of Beasts)
 26641 | Lair:5   | Received a gift from Sif Muna
 26641 | Lair:5   | Reached skill level 10 in Air Magic
 26641 | Lair:5   | Reached XP level 14. HP: 80/80 MP: 33/33
 26650 | Lair:5   | Learned a level 4 spell: Petrify
 26654 | Lair:5   | Learned a level 3 spell: Regeneration
 27590 | Lair:5   | Reached skill level 1 in Necromancy
 27853 | Lair:5   | Reached skill level 1 in Transmutations
 27853 | Lair:5   | Reached skill level 1 in Earth Magic
 27869 | Lair:5   | Reached skill level 14 in Spellcasting
 29080 | Lair:6   | Reached XP level 15. HP: 84/84 MP: 35/35
 31018 | D:12     | Identified the Collected Works on Earthen Flames
 31132 | D:12     | Identified the Volume of the Birds
 31475 | D:12     | Got a slimy ivory ring
 31560 | D:12     | Found a deep blue altar of Sif Muna.
 31609 | D:12     | Identified the Disquisition on the Unstable Snowflakes
 31611 | D:12     | Identified the Reference Book on Shifting Summoning
 31633 | D:12     | Identified the Collected Works on Lethal Shape Shifting
 31644 | D:12     | Learned a level 6 spell: Deflect Missiles
 31729 | D:12     | Got a pair of encrusted boots
 31743 | D:12     | Identified the cursed +0 pair of boots of an ossuary {Int+5} (You found it on level 12 of the Dungeon)
 31826 | D:12     | Reached skill level 5 in Earth Magic
 31836 | D:12     | Got an iridescent demon whip {elec}
 31838 | D:12     | Identified the +1 demon whip "Uschogeirph" {elec, rElec Int+3} (You took it off an orc sorcerer on level 12 of the Dungeon)
 32038 | Lair:1   | Identified a +0 rod of clouds (13/13) (You found it on level 12 of the Dungeon)
 32045 | Lair:1   | Identified the ring of Charity {Wiz rF+ MP+9 Str+2} (You took it off a vampire mage on level 12 of the Dungeon)
 32086 | Lair:1   | Learned a level 6 spell: Conjure Ball Lightning
 32176 | Orc:1    | Entered Level 1 of the Orcish Mines
 32505 | Orc:1    | Noticed Maurice
 32506 | Orc:1    | Noticed Fannar
 32681 | Orc:1    | Killed Maurice
 32684 | Orc:1    | Killed Fannar
 33202 | Orc:2    | Entered Level 2 of the Orcish Mines
 33220 | Orc:2    | Noticed an orc warlord
 33230 | Orc:2    | Killed an orc warlord
 33271 | Orc:2    | Noticed an orc warlord
 33610 | Orc:2    | Killed an orc warlord
 33995 | Orc:2    | Found Liepemutyu's Antique Weapon Emporium.
 34044 | Orc:2    | Found Mifrurav's General Store.
 34082 | Orc:2    | Bought a potion of agility for 68 gold pieces
 34096 | Orc:2    | Found Coit's Antique Armour Boutique.
 34108 | Orc:2    | Bought a glowing robe for 207 gold pieces
 34108 | Orc:2    | Bought a pair of glowing gloves for 325 gold pieces
 34143 | Orc:2    | Noticed Erolcha
 34147 | Orc:2    | Killed Erolcha
 34213 | Orc:2    | Found Cariakergh's Armour Boutique.
 34317 | Orc:2    | Found Kudaid's Book Emporium.
 34340 | Orc:2    | Found Ugicy's Assorted Antiques.
 34348 | Orc:2    | Bought 2 golden potions for 45 gold pieces
 34348 | Orc:2    | Bought a scroll of amnesia for 87 gold pieces
 34348 | Orc:2    | Bought a blue potion for 22 gold pieces
 34348 | Orc:2    | Bought a box of beasts for 500 gold pieces
 34831 | Orc:2    | Found Cygiutwi's Antique Weapon Shoppe.
 34924 | Orc:2    | Found a staircase to the Elven Halls.
 35202 | Orc:2    | Found Quodocoe's Antique Armour Shop.
 35382 | Lair:1   | Learned a level 6 spell: Statue Form
 35460 | Elf:1    | Entered Level 1 of the Elven Halls
 35464 | Elf:1    | Reached skill level 5 in Necromancy
 35736 | Elf:1    | Reached skill level 5 in Transmutations
 35944 | Elf:1    | Reached XP level 16. HP: 63/92 MP: 36/36
 35947 | Elf:1    | Received a gift from Sif Muna
 36260 | Elf:1    | Reached skill level 10 in Conjurations
 37567 | Elf:1    | Reached skill level 15 in Spellcasting
 38630 | Elf:2    | Noticed Azrael
 38650 | Elf:2    | Killed Azrael
 38650 | Elf:2    | Identified Sif Muna's Catalogue of Darkness (Sif Muna gifted it to you on level 2 of the Elven Halls)
 38650 | Elf:2    | Received a gift from Sif Muna
 39128 | Elf:2    | Found a runed gate.
 39128 | Elf:2    | Found a runed gate.
 39128 | Elf:2    | Found a runed gate.
 39341 | Elf:2    | Reached XP level 17. HP: 33/97 MP: 19/38
 39361 | Elf:2    | Slain by a vampiric glaive

Skill      XL: |  1  2  3  4  5  6  7  8  9 10 11 12 13 14 15 16 |
---------------+-------------------------------------------------+-----
Spellcasting   | 5 6 7 9 10 11 13 14 15 | 15.3
Stealth        | 3 4 5 6 7 |  7.6
Dodging        | 3 4 5 6 7 8 |  8.8
Fighting       | 1 2 3 4 5 6 7 |  7.9
Conjurations   | 2 3 4 5 6 7 8 9 11 | 11.1
Air Magic      | 1 2 3 4 5 7 10 12 | 12.0
Poison Magic   | 1 2 3 |  3.5
Hexes          | 1 2 3 4 5 6 7 8 |  8.7
Ice Magic      | 1 3 5 7 8 9 |  9.5
Summonings     | 3 4 |  4.5
Evocations     | 2 3 4 5 6 8 |  8.9
Invocations    | 2 3 4 5 6 8 9 |  9.0
Shields        | 1 3 |  3.4
Necromancy     | 2 5 6 |  6.7
Transmutations | 2 5 6 |  6.8
Earth Magic    | 2 5 7 |  7.1
Translocations | |  1.1

Action                   |  1- 3 |  4- 6 |  7- 9 | 10-12 | 13-15 | 16-18 || total
-------------------------+-------+-------+-------+-------+-------+-------++-------
Melee: Dagger            |    35 |    34 |    64 |   281 |    32 |       ||   446
       Trident           |       |       |     8 |       |       |       ||     8
       Staff             |       |       |       |     2 |    15 |       ||    17
       Demon whip        |       |       |       |       |    12 |     8 ||    20
 Fire: Blowgun           |       |       |       |   105 |    16 |       ||   121
 Cast: Magic Dart        |    52 |   141 |   284 |   184 |    12 |       ||   673
       Call Imp          |     2 |     4 |     9 |     2 |     1 |       ||    18
       Repel Missiles    |     1 |       |       |     2 |     1 |       ||     4
       Mephitic Cloud    |     2 |     1 |    14 |    38 |     3 |       ||    58
       Conjure Flame     |       |     3 |    16 |    49 |     2 |       ||    70
       Ensorcelled Hiber |       |       |     8 |    31 |       |       ||    39
       Blink             |       |       |     8 |    19 |     1 |       ||    28
       Summon Lightning  |       |       |     3 |    27 |     3 |       ||    33
       Ozocubu's Armour  |       |       |     2 |    26 |    15 |     5 ||    48
       Freeze            |       |       |       |    48 |       |       ||    48
       Slow              |       |       |       |    17 |     2 |       ||    19
       Inner Flame       |       |       |       |     1 |       |       ||     1
       Airstrike         |       |       |       |   167 |   217 |    69 ||   453
       Lightning Bolt    |       |       |       |    69 |   289 |    85 ||   443
       Shroud of Golubri |       |       |       |       |    13 |     3 ||    16
       Regeneration      |       |       |       |       |     6 |     9 ||    15
       Conjure Ball Ligh |       |       |       |       |    33 |    24 ||    57
       Statue Form       |       |       |       |       |     1 |       ||     1
       Deflect Missiles  |       |       |       |       |     1 |       ||     1
Invok: Divine Energy     |       |       |       |     2 |     2 |       ||     4
       Stop Divine Energ |       |       |       |     1 |     2 |       ||     3
       Forget Spell      |       |       |       |     3 |     2 |       ||     5
Evoke: Wand              |       |       |       |     1 |       |       ||     1
       Rod               |       |       |       |       |     4 |     2 ||     6
  Use: Scroll            |       |       |     8 |     9 |    20 |       ||    37
       Potion            |       |       |     1 |     5 |     4 |     2 ||    12
 Stab: Sleeping          |       |     4 |     8 |    21 |       |       ||    33
       Confused          |       |       |     2 |     4 |       |       ||     6
  Eat: Chunk             |     1 |     9 |    14 |    53 |    42 |    18 ||   137
Armor: Robe              |     6 |    25 |    21 |   120 |    66 |    15 ||   253
       Skin              |       |       |       |       |     4 |       ||     4
Dodge: Dodged            |    26 |    53 |    64 |   376 |   260 |    30 ||   809
       Deflected         |       |     3 |       |    11 |    10 |    20 ||    44
